[ AOE2 MATCH · #481686707 ]
Team RMVietnamese vs Mongols
[ REPLAY ANALYSIS · EXTRACTED FROM THE RECORDED GAME ]
Feudal
25:05
Castle
29:00
Imperial
—
| APM avg | 11.5 |
| APM peak | 27 |
| eAPM avg | 6.0 |
| Villagers / military | 73 / 25 |
Focus
⚔️ 20.0% · 🌾 80.0%
Rattan Archer ×20 · Battering Ram ×5
Feudal
16:18
Castle
29:09
Imperial
—
| APM avg | 18.6 |
| APM peak | 53 |
| eAPM avg | 10.1 |
| Villagers / military | 71 / 37 |
Focus
⚔️ 23.6% · 🌾 76.4%
Scout Cavalry ×32 · Spearman ×5
Feudal
15:10
Castle
23:02
Imperial
33:23
| APM avg | 30.8 |
| APM peak | 61 |
| eAPM avg | 17.5 |
| Villagers / military | 68 / 62 |
Focus
⚔️ 23.7% · 🌾 76.3%
Fishing Ship ×38 · Steppe Lancer ×35 · Mangudai ×14 · Trebuchet (Packed) ×5 · Unknown (2626) ×4 · Fire Galley ×4
Feudal
15:04
Castle
20:16
Imperial
—
| APM avg | 8.9 |
| APM peak | 34 |
| eAPM avg | 5.9 |
| Villagers / military | 76 / 19 |
Focus
⚔️ 16.0% · 🌾 84.0%
Conquistador ×10 · Spearman ×5 · Missionary ×4
Feudal
15:48
Castle
24:18
Imperial
36:34
| APM avg | 19.2 |
| APM peak | 43 |
| eAPM avg | 12.1 |
| Villagers / military | 79 / 3 |
Focus
⚔️ 20.5% · 🌾 79.5%
Fishing Ship ×17 · Trade Cart ×11 · Monk ×3
Feudal
18:54
Castle
30:23
Imperial
—
| APM avg | 11.4 |
| APM peak | 34 |
| eAPM avg | 9.4 |
| Villagers / military | 103 / 66 |
Focus
⚔️ 22.9% · 🌾 77.1%
Kipchak ×38 · Steppe Lancer ×28 · Fishing Ship ×6 · Trade Cart ×3
Feudal
15:08
Castle
30:40
Imperial
—
| APM avg | 17.4 |
| APM peak | 49 |
| eAPM avg | 12.2 |
| Villagers / military | 80 / 93 |
Focus
⚔️ 38.0% · 🌾 62.0%
Fishing Ship ×34 · Galley ×34 · Spearman ×29 · Mameluke ×25 · Unknown (2626) ×5 · Fire Galley ×5
Feudal
18:49
Castle
23:10
Imperial
37:29
| APM avg | 21.7 |
| APM peak | 45 |
| eAPM avg | 11.6 |
| Villagers / military | 81 / 84 |
Focus
⚔️ 26.2% · 🌾 73.8%
Chu Ko Nu ×49 · Fishing Ship ×26 · Fire Galley ×16 · Iron Pagoda ×16 · Trebuchet (Packed) ×3
Match map
Initial resources + every placement click. Lines = walls · curves = elevation contours. ◆ gold · ⬟ stone · ● berries · ✦ relic · ◌ wall gap
Your base· Open — unwalled flank
将军楼上请's base· Open — unwalled flank
DeMoTiX's base· Open — 14t gap
Zanarkand's base· Open — 10t gap
Pedro9.2's base· Open — 6t gap
nosound's base· Open — 5t gap
投降是日本人's base· Open — 5t gap
essen's base· Open — unwalled flank
Smoothed initial terrain · ◌ = detected wall gap · hover for details
Inputs per minute
— PorT_BarroZo - - 将军楼上请
Build order — PorT_BarroZo
First 150 of 177 actions detected
| 3:17 | Build | Town Center |
| 6:03 | Create | Villager (Male) |
| 6:04 | Create | Villager (Male) |
| 6:04 | Create | Villager (Male) |
| 6:04 | Create | Villager (Male) |
| 6:07 | Build | House |
| 6:09 | Build | House |
| 6:53 | Build | House |
| 7:35 | Build | Mining Camp |
| 8:18 | Create | Villager (Male) |
| 8:18 | Create | Villager (Male) |
| 8:19 | Create | Villager (Male) |
| 8:29 | Build | House |
| 8:59 | Create | Villager (Male) |
| 9:00 | Create | Villager (Male) |
| 9:48 | Create | Villager (Male) |
| 9:49 | Create | Villager (Male) |
| 9:49 | Create | Villager (Male) |
| 9:49 | Create | Villager (Male) |
| 10:28 | Create | Villager (Male) |
| 10:28 | Create | Villager (Male) |
| 10:28 | Create | Villager (Male) |
| 10:59 | Create | Villager (Male) |
| 11:30 | Create | Villager (Male) |
| 11:31 | Create | Villager (Male) |
| 12:17 | Create | Villager (Male) |
| 12:17 | Create | Villager (Male) |
| 12:36 | Create | Villager (Male) |
| 12:59 | Create | Villager (Male) |
| 12:59 | Create | Villager (Male) |
| 13:27 | Create | Villager (Male) |
| 13:39 | Build | House |
| 13:42 | Build | House |
| 14:01 | Research | Loom |
| 14:01 | Create | Villager (Male) |
| 14:02 | Create | Villager (Male) |
| 14:02 | Create | Villager (Male) |
| 14:30 | Create | Villager (Male) |
| 15:29 | Create | Villager (Male) |
| 15:35 | Build | Barracks |
| 16:26 | Build | Mill |
| 16:30 | Create | Villager (Male) |
| 16:30 | Create | Villager (Male) |
| 16:30 | Create | Villager (Male) |
| 16:54 | Build | Palisade Gate |
| 17:02 | Build | Palisade Wall |
| 17:07 | Build | House |
| 17:20 | Build | Farm |
| 17:24 | Build | Farm |
| 17:25 | Build | Farm |
| 17:27 | Build | Farm |
| 17:29 | Create | Villager (Male) |
| 17:53 | Build | Farm |
| 17:55 | Build | Farm |
| 17:57 | Create | Villager (Male) |
| 17:57 | Create | Villager (Male) |
| 17:57 | Create | Villager (Male) |
| 17:59 | Create | Villager (Male) |
| 19:53 | Build | House |
| 19:57 | Create | Villager (Male) |
| 19:57 | Create | Villager (Male) |
| 21:15 | Create | Villager (Male) |
| 21:15 | Create | Villager (Male) |
| 21:16 | Create | Villager (Male) |
| 21:17 | Create | Villager (Male) |
| 21:34 | Build | Farm |
| 21:35 | Build | Farm |
| 21:37 | Build | Farm |
| 21:38 | Build | Farm |
| 21:39 | Build | Farm |
| 21:42 | Build | Farm |
| 21:45 | Build | Farm |
| 21:46 | Build | Farm |
| 21:52 | Research | Feudal Age |
| 22:00 | Build | House |
| 23:14 | Build | Palisade Wall |
| 23:17 | Build | Palisade Wall |
| 23:19 | Build | Palisade Wall |
| 23:22 | Build | Palisade Wall |
| 24:59 | Create | Villager (Male) |
| 25:00 | Create | Villager (Male) |
| 25:01 | Create | Villager (Male) |
| 25:05 | Age | Feudal Age |
| 25:07 | Build | Market |
| 25:10 | Build | Blacksmith |
| 26:04 | Research | Horse Collar |
| 26:08 | Research | Castle Age |
| 26:16 | Research | Gold Mining |
| 26:29 | Build | House |
| 26:33 | Build | House |
| 26:42 | Build | Gate |
| 27:11 | Build | Farm |
| 27:23 | Research | Fletching |
| 27:23 | Research | Padded Archer Armor |
| 27:53 | Build | Archery Range |
| 29:00 | Age | Castle Age |
| 29:02 | Build | Castle |
| 29:09 | Create | Villager (Male) |
| 29:10 | Create | Villager (Male) |
| 29:17 | Build | University |
| 29:20 | Research | Thumb Ring |
| 29:23 | Research | Bodkin Arrow |
| 29:24 | Research | Leather Archer Armor |
| 29:30 | Create | Villager (Male) |
| 30:01 | Build | Farm |
| 30:06 | Build | Farm |
| 30:08 | Build | Mill |
| 30:11 | Create | Villager (Male) |
| 30:20 | Create | Villager (Male) |
| 30:38 | Create | Rattan Archer |
| 30:39 | Create | Rattan Archer |
| 30:39 | Create | Rattan Archer |
| 30:39 | Create | Rattan Archer |
| 30:40 | Create | Rattan Archer |
| 30:41 | Create | Rattan Archer |
| 30:47 | Research | Ballistics |
| 30:50 | Build | House |
| 30:51 | Build | House |
| 30:52 | Build | House |
| 30:53 | Build | House |
| 30:55 | Build | House |
| 31:07 | Build | Farm |
| 31:11 | Build | Farm |
| 31:14 | Create | Villager (Male) |
| 31:17 | Build | Farm |
| 31:19 | Create | Villager (Male) |
| 31:19 | Create | Villager (Male) |
| 31:20 | Create | Villager (Male) |
| 31:24 | Create | Rattan Archer |
| 31:24 | Create | Rattan Archer |
| 31:37 | Build | Siege Workshop |
| 31:49 | Create | Rattan Archer |
| 31:54 | Build | Farm |
| 31:56 | Create | Villager (Male) |
| 31:56 | Create | Villager (Male) |
| 32:17 | Create | Villager (Male) |
| 32:17 | Create | Villager (Male) |
| 32:35 | Build | Lumber Camp |
| 32:39 | Create | Villager (Male) |
| 32:39 | Create | Villager (Male) |
| 33:28 | Create | Battering Ram |
| 33:28 | Create | Battering Ram |
| 33:34 | Create | Villager (Male) |
| 33:34 | Create | Villager (Male) |
| 34:19 | Create | Villager (Male) |
| 34:21 | Create | Battering Ram |
| 34:21 | Create | Battering Ram |
| 34:31 | Create | Rattan Archer |
| 34:31 | Create | Rattan Archer |
| 34:36 | Build | Farm |
Build order — 将军楼上请
First 150 of 182 actions detected
| 1:30 | Build | Town Center |
| 3:46 | Create | Villager (Male) |
| 3:50 | Create | Villager (Male) |
| 3:51 | Create | Villager (Male) |
| 3:51 | Create | Villager (Male) |
| 3:51 | Create | Villager (Male) |
| 4:10 | Research | Loom |
| 4:10 | Create | Villager (Male) |
| 4:11 | Create | Villager (Male) |
| 4:11 | Create | Villager (Male) |
| 4:40 | Build | House |
| 4:57 | Build | House |
| 5:02 | Create | Villager (Male) |
| 5:46 | Build | Mule Cart |
| 6:00 | Create | Villager (Male) |
| 6:00 | Create | Villager (Male) |
| 6:18 | Build | House |
| 6:21 | Build | House |
| 6:29 | Create | Villager (Male) |
| 6:29 | Create | Villager (Male) |
| 7:24 | Create | Villager (Male) |
| 7:24 | Create | Villager (Male) |
| 7:25 | Create | Villager (Male) |
| 7:29 | Build | House |
| 7:34 | Build | House |
| 8:03 | Create | Villager (Male) |
| 8:03 | Create | Villager (Male) |
| 8:49 | Create | Villager (Male) |
| 9:17 | Create | Villager (Male) |
| 9:17 | Create | Villager (Male) |
| 9:17 | Create | Villager (Male) |
| 9:18 | Create | Villager (Male) |
| 9:49 | Create | Villager (Male) |
| 9:49 | Create | Villager (Male) |
| 10:35 | Create | Villager (Male) |
| 11:20 | Create | Villager (Male) |
| 11:21 | Create | Villager (Male) |
| 11:26 | Create | Villager (Male) |
| 11:27 | Create | Villager (Male) |
| 12:30 | Build | Mill |
| 13:12 | Create | Villager (Male) |
| 13:23 | Build | House |
| 13:25 | Build | House |
| 13:26 | Build | House |
| 13:41 | Create | Villager (Male) |
| 14:08 | Research | Feudal Age |
| 15:17 | Build | House |
| 15:20 | Build | House |
| 15:34 | Build | Barracks |
| 16:01 | Build | Palisade Wall |
| 16:08 | Build | Palisade Gate |
| 16:18 | Age | Feudal Age |
| 16:21 | Create | Villager (Male) |
| 16:21 | Create | Villager (Male) |
| 16:27 | Build | Farm |
| 16:28 | Build | Farm |
| 16:32 | Build | Farm |
| 16:33 | Build | Farm |
| 16:35 | Create | Villager (Male) |
| 16:36 | Create | Villager (Male) |
| 16:53 | Build | Farm |
| 16:54 | Build | Farm |
| 16:56 | Build | Farm |
| 18:00 | Create | Villager (Male) |
| 18:20 | Build | Stable |
| 18:33 | Create | Villager (Male) |
| 18:33 | Create | Villager (Male) |
| 18:45 | Build | House |
| 19:03 | Build | Farm |
| 19:04 | Build | Farm |
| 19:06 | Create | Villager (Male) |
| 19:10 | Build | Mule Cart |
| 19:23 | Create | Scout Cavalry |
| 19:23 | Create | Scout Cavalry |
| 19:23 | Create | Scout Cavalry |
| 19:24 | Create | Scout Cavalry |
| 19:24 | Create | Scout Cavalry |
| 19:24 | Create | Scout Cavalry |
| 19:25 | Create | Scout Cavalry |
| 19:25 | Create | Scout Cavalry |
| 19:40 | Build | Blacksmith |
| 19:45 | Create | Villager (Male) |
| 19:51 | Create | Villager (Male) |
| 20:15 | Create | Villager (Male) |
| 20:41 | Create | Scout Cavalry |
| 21:05 | Create | Villager (Male) |
| 21:20 | Research | Bloodlines |
| 21:33 | Create | Villager (Male) |
| 21:33 | Create | Villager (Male) |
| 21:35 | Research | Forging |
| 21:36 | Research | Scale Barding Armor |
| 22:09 | Create | Villager (Male) |
| 22:09 | Create | Villager (Male) |
| 22:30 | Build | Mule Cart |
| 22:33 | Create | Villager (Male) |
| 22:39 | Build | Farm |
| 22:40 | Build | Farm |
| 22:42 | Build | Farm |
| 22:44 | Build | Farm |
| 22:46 | Build | Farm |
| 22:48 | Build | Farm |
| 22:49 | Build | Farm |
| 22:52 | Build | Farm |
| 23:03 | Create | Scout Cavalry |
| 23:03 | Create | Scout Cavalry |
| 23:18 | Create | Scout Cavalry |
| 23:18 | Create | Scout Cavalry |
| 23:43 | Create | Scout Cavalry |
| 24:47 | Create | Scout Cavalry |
| 26:29 | Research | Castle Age |
| 26:29 | Research | Castle Age |
| 27:15 | Create | Scout Cavalry |
| 27:15 | Create | Scout Cavalry |
| 27:16 | Create | Scout Cavalry |
| 27:25 | Create | Scout Cavalry |
| 27:25 | Create | Scout Cavalry |
| 27:32 | Create | Spearman |
| 27:32 | Create | Spearman |
| 27:33 | Create | Spearman |
| 28:01 | Build | Stone Wall |
| 28:37 | Build | Farm |
| 28:59 | Create | Spearman |
| 28:59 | Create | Spearman |
| 29:09 | Age | Castle Age |
| 29:29 | Create | Scout Cavalry |
| 29:29 | Create | Scout Cavalry |
| 29:29 | Create | Scout Cavalry |
| 29:32 | Create | Villager (Male) |
| 29:32 | Create | Villager (Male) |
| 29:46 | Research | Light Cavalry (upgrade) |
| 29:46 | Research | Husbandry |
| 30:29 | Build | Town Center |
| 30:33 | Create | Villager (Male) |
| 30:33 | Create | Villager (Male) |
| 30:33 | Create | Villager (Male) |
| 30:34 | Create | Villager (Male) |
| 30:34 | Create | Villager (Male) |
| 30:34 | Create | Villager (Male) |
| 30:57 | Create | Scout Cavalry |
| 30:58 | Create | Scout Cavalry |
| 30:58 | Create | Scout Cavalry |
| 30:58 | Create | Scout Cavalry |
| 31:06 | Build | Stable |
| 31:25 | Create | Villager (Male) |
| 31:26 | Create | Villager (Male) |
| 32:08 | Create | Scout Cavalry |
| 32:08 | Create | Scout Cavalry |
| 32:08 | Create | Scout Cavalry |
| 32:09 | Create | Scout Cavalry |
| 32:09 | Create | Scout Cavalry |
Build order — DeMoTiX
First 150 of 263 actions detected
| 1:13 | Build | Town Center |
| 1:29 | Build | Dock |
| 2:33 | Build | House |
| 3:25 | Create | Villager (Male) |
| 3:25 | Create | Villager (Male) |
| 3:25 | Create | Villager (Male) |
| 4:07 | Create | Villager (Male) |
| 4:20 | Build | House |
| 5:03 | Create | Villager (Male) |
| 5:03 | Create | Villager (Male) |
| 5:25 | Create | Villager (Male) |
| 5:53 | Create | Villager (Male) |
| 6:31 | Build | House |
| 6:35 | Create | Villager (Male) |
| 7:06 | Create | Villager (Male) |
| 7:10 | Create | Villager (Male) |
| 7:28 | Create | Fishing Ship |
| 7:41 | Create | Villager (Male) |
| 7:52 | Create | Villager (Male) |
| 8:21 | Create | Fishing Ship |
| 8:21 | Create | Fishing Ship |
| 8:40 | Create | Villager (Male) |
| 9:07 | Build | House |
| 9:08 | Create | Fishing Ship |
| 9:22 | Create | Villager (Male) |
| 9:30 | Build | House |
| 9:59 | Create | Villager (Male) |
| 10:08 | Create | Villager (Male) |
| 10:11 | Create | Fishing Ship |
| 10:18 | Build | Dock |
| 10:38 | Build | Mill |
| 10:45 | Create | Villager (Male) |
| 10:53 | Create | Fishing Ship |
| 11:13 | Create | Fishing Ship |
| 11:40 | Build | Lumber Camp |
| 11:56 | Create | Fishing Ship |
| 12:01 | Create | Villager (Male) |
| 12:10 | Build | House |
| 12:11 | Build | House |
| 12:25 | Create | Fishing Ship |
| 12:28 | Create | Villager (Male) |
| 13:00 | Research | Feudal Age |
| 13:00 | Research | Feudal Age |
| 13:00 | Research | Feudal Age |
| 13:00 | Research | Feudal Age |
| 13:08 | Create | Fishing Ship |
| 13:08 | Create | Fishing Ship |
| 13:16 | Build | House |
| 13:36 | Build | Lumber Camp |
| 13:45 | Create | Fishing Ship |
| 13:45 | Create | Fishing Ship |
| 14:19 | Create | Villager (Male) |
| 14:38 | Build | Barracks |
| 14:42 | Create | Villager (Male) |
| 14:58 | Create | Villager (Male) |
| 15:10 | Age | Feudal Age |
| 15:23 | Create | Villager (Male) |
| 15:34 | Create | Fishing Ship |
| 15:34 | Create | Fishing Ship |
| 16:19 | Build | Dock |
| 16:22 | Create | Villager (Male) |
| 16:25 | Research | Double-Bit Axe |
| 16:55 | Build | House |
| 17:03 | Create | Villager (Male) |
| 17:15 | Build | Blacksmith |
| 17:26 | Create | Villager (Male) |
| 17:39 | Build | Stable |
| 17:43 | Build | Stable |
| 17:50 | Build | House |
| 17:51 | Build | House |
| 17:55 | Create | Fishing Ship |
| 17:55 | Create | Fishing Ship |
| 18:14 | Build | Mining Camp |
| 18:15 | Create | Villager (Male) |
| 18:21 | Create | Villager (Male) |
| 18:39 | Build | Market |
| 18:43 | Create | Villager (Male) |
| 19:00 | Research | Bloodlines |
| 19:14 | Build | Stable |
| 19:15 | Build | Stable |
| 19:22 | Build | House |
| 19:26 | Build | House |
| 19:30 | Create | Fishing Ship |
| 19:48 | Create | Villager (Male) |
| 20:22 | Research | Castle Age |
| 20:28 | Build | Stable |
| 20:38 | Create | Fishing Ship |
| 20:38 | Create | Fishing Ship |
| 20:54 | Build | Dock |
| 20:56 | Create | Villager (Male) |
| 21:05 | Research | Scale Barding Armor |
| 21:44 | Build | Archery Range |
| 22:01 | Research | Tech 906 |
| 22:06 | Create | Fishing Ship |
| 22:06 | Create | Fishing Ship |
| 22:30 | Build | House |
| 22:39 | Create | Villager (Male) |
| 22:48 | Create | Fishing Ship |
| 22:48 | Create | Fishing Ship |
| 22:53 | Create | Villager (Male) |
| 23:02 | Age | Castle Age |
| 23:04 | Build | Stable |
| 23:11 | Create | Steppe Lancer |
| 23:12 | Create | Steppe Lancer |
| 23:12 | Create | Steppe Lancer |
| 23:12 | Create | Steppe Lancer |
| 23:13 | Create | Steppe Lancer |
| 23:14 | Create | Steppe Lancer |
| 23:21 | Build | Dock |
| 23:25 | Build | House |
| 23:26 | Build | House |
| 23:39 | Build | Dock |
| 24:03 | Research | Husbandry |
| 24:23 | Create | Fishing Ship |
| 24:27 | Create | Villager (Male) |
| 24:29 | Create | Villager (Male) |
| 24:35 | Build | House |
| 24:41 | Build | Monastery |
| 25:06 | Create | Steppe Lancer |
| 25:06 | Create | Steppe Lancer |
| 25:06 | Create | Steppe Lancer |
| 25:49 | Create | Villager (Male) |
| 26:03 | Build | Castle |
| 26:26 | Build | House |
| 28:00 | Create | Villager (Male) |
| 28:00 | Create | Villager (Male) |
| 28:07 | Build | House |
| 28:50 | Build | University |
| 28:52 | Create | Villager (Male) |
| 28:54 | Create | Villager (Male) |
| 28:59 | Build | Lumber Camp |
| 29:42 | Build | Stable |
| 29:44 | Build | Siege Workshop |
| 29:48 | Build | Dock |
| 30:06 | Create | Fishing Ship |
| 30:07 | Create | Fishing Ship |
| 30:07 | Create | Fishing Ship |
| 30:14 | Research | Imperial Age |
| 30:31 | Build | Dock |
| 30:34 | Create | Transport Ship |
| 30:37 | Research | Gillnets |
| 30:39 | Create | Fishing Ship |
| 30:44 | Create | Fishing Ship |
| 30:44 | Create | Fishing Ship |
| 31:11 | Build | Lumber Camp |
| 31:14 | Create | Fishing Ship |
| 31:15 | Create | Fishing Ship |
| 31:22 | Build | Dock |
| 31:25 | Build | Dock |
| 31:27 | Create | Fishing Ship |
Build order — Zanarkand
144 actions detected in the replay
| 0:05 | Build | Town Center |
| 2:08 | Build | House |
| 2:10 | Build | House |
| 2:55 | Create | Villager (Male) ×4 |
| 4:19 | Research | Loom |
| 4:20 | Create | Villager (Male) |
| 4:41 | Create | Villager (Male) |
| 5:14 | Create | Villager (Male) |
| 6:12 | Create | Villager (Male) |
| 7:00 | Create | Villager (Male) |
| 7:18 | Build | House |
| 7:20 | Build | House |
| 7:29 | Create | Villager (Male) |
| 7:30 | Create | Villager (Male) |
| 7:58 | Create | Villager (Male) |
| 8:21 | Create | Villager (Male) |
| 8:59 | Build | Lumber Camp |
| 9:00 | Build | House |
| 9:07 | Create | Villager (Male) |
| 9:25 | Create | Villager (Male) |
| 9:26 | Create | Villager (Male) |
| 9:26 | Create | Villager (Male) |
| 9:26 | Create | Villager (Male) |
| 9:54 | Build | Mill |
| 11:06 | Create | Villager (Male) |
| 11:20 | Build | Mining Camp |
| 12:54 | Research | Feudal Age |
| 13:37 | Build | Barracks |
| 13:41 | Build | House |
| 13:45 | Create | Villager (Male) ×5 |
| 15:04 | Age | Feudal Age |
| 15:13 | Build | Market |
| 15:22 | Build | Blacksmith |
| 17:22 | Build | House |
| 17:36 | Research | Castle Age |
| 17:57 | Build | Mining Camp |
| 18:18 | Research | Horse Collar |
| 18:59 | Build | Stone Wall |
| 19:08 | Create | Villager (Male) ×5 |
| 19:55 | Build | Farm |
| 20:16 | Age | Castle Age |
| 20:24 | Build | Monastery |
| 20:35 | Build | Farm |
| 20:40 | Build | Farm |
| 20:44 | Build | Farm |
| 20:47 | Build | Farm |
| 20:49 | Build | Farm |
| 20:52 | Build | Farm |
| 20:55 | Build | Farm |
| 21:06 | Create | Missionary |
| 21:09 | Create | Missionary |
| 21:19 | Build | Stone Wall |
| 21:22 | Build | Farm |
| 21:31 | Build | Farm |
| 21:50 | Create | Villager (Male) |
| 21:50 | Create | Villager (Male) |
| 21:54 | Build | Farm |
| 22:25 | Build | Farm |
| 22:33 | Build | Stone Wall |
| 23:26 | Build | Farm |
| 23:46 | Build | Town Center |
| 24:00 | Create | Villager (Male) ×5 |
| 24:06 | Research | Double-Bit Axe |
| 24:09 | Build | House |
| 24:10 | Build | House |
| 24:11 | Build | House |
| 24:12 | Build | House |
| 24:29 | Build | Gate |
| 24:36 | Build | Stone Wall |
| 25:09 | Research | Town Watch |
| 25:14 | Create | Villager (Male) ×5 |
| 25:59 | Create | Villager (Male) |
| 25:59 | Create | Villager (Male) |
| 26:00 | Create | Villager (Male) |
| 26:05 | Research | Wheelbarrow |
| 26:11 | Research | Bow Saw |
| 26:54 | Build | Mining Camp |
| 27:08 | Build | Castle |
| 27:15 | Research | Fletching |
| 27:22 | Create | Missionary |
| 27:23 | Create | Missionary |
| 27:30 | Build | Stable |
| 27:35 | Create | Spearman |
| 27:35 | Create | Spearman |
| 27:36 | Create | Spearman |
| 27:36 | Create | Spearman |
| 27:37 | Create | Spearman |
| 28:36 | Create | Villager (Male) |
| 28:36 | Create | Villager (Male) |
| 28:39 | Build | House |
| 29:31 | Create | Villager (Male) ×5 |
| 30:05 | Research | Gold Mining |
| 30:06 | Research | Stone Mining |
| 30:14 | Create | Villager (Male) |
| 30:15 | Create | Villager (Male) |
| 30:15 | Create | Villager (Male) |
| 30:15 | Create | Villager (Male) |
| 30:31 | Research | Heavy Plow |
| 30:43 | Research | Bloodlines |
| 31:01 | Build | Town Center |
| 31:22 | Research | Stone Shaft Mining |
| 31:32 | Research | Hand Cart |
| 32:12 | Create | Villager (Male) ×5 |
| 32:24 | Build | Farm |
| 32:41 | Create | Villager (Male) |
| 32:57 | Build | Farm |
| 33:09 | Create | Villager (Male) ×5 |
| 33:34 | Build | Farm |
| 33:37 | Research | Pikeman (upgrade) |
| 33:57 | Build | Barracks |
| 33:59 | Build | Barracks |
| 34:10 | Research | Forging |
| 34:24 | Build | Farm |
| 34:27 | Build | Farm |
| 34:29 | Build | House |
| 34:30 | Build | House |
| 34:32 | Build | House |
| 34:32 | Build | House |
| 34:37 | Build | Farm |
| 34:43 | Build | Farm |
| 34:46 | Build | Farm |
| 34:49 | Research | Town Patrol |
| 35:01 | Build | Castle |
| 35:27 | Create | Villager (Male) ×5 |
| 35:46 | Build | University |
| 35:48 | Build | House |
| 35:49 | Build | House |
| 36:01 | Research | Squires |
| 36:12 | Build | Farm |
| 36:31 | Build | Farm |
| 36:36 | Build | Farm |
| 36:50 | Build | Farm |
| 36:53 | Research | Ballistics |
| 36:57 | Research | Husbandry |
| 37:00 | Create | Conquistador ×5 |
| 37:17 | Build | Farm |
| 37:24 | Create | Villager (Male) ×5 |
| 37:38 | Research | Scale Barding Armor |
| 37:46 | Build | Farm |
| 37:54 | Research | Arson |
| 37:57 | Build | Farm |
| 38:21 | Build | Farm |
| 38:38 | Create | Conquistador ×5 |
| 38:44 | Build | Farm |
Build order — Pedro9.2
First 150 of 190 actions detected
| 0:35 | Build | Town Center |
| 2:59 | Build | Dock |
| 3:17 | Create | Villager (Male) |
| 3:17 | Create | Villager (Male) |
| 3:17 | Create | Villager (Male) |
| 3:17 | Create | Villager (Male) |
| 3:18 | Create | Villager (Male) |
| 3:48 | Build | House |
| 3:52 | Build | House |
| 4:44 | Create | Villager (Male) |
| 5:22 | Create | Villager (Male) |
| 5:22 | Create | Villager (Male) |
| 5:50 | Create | Villager (Male) |
| 5:50 | Create | Villager (Male) |
| 6:13 | Create | Fishing Ship |
| 6:36 | Create | Villager (Male) |
| 6:36 | Create | Villager (Male) |
| 6:57 | Create | Fishing Ship |
| 7:06 | Create | Villager (Male) |
| 7:11 | Build | House |
| 7:34 | Create | Villager (Male) |
| 7:34 | Create | Villager (Male) |
| 7:49 | Build | House |
| 8:06 | Create | Villager (Male) |
| 8:09 | Create | Fishing Ship |
| 8:32 | Build | House |
| 8:43 | Create | Villager (Male) |
| 8:43 | Create | Villager (Male) |
| 8:51 | Create | Fishing Ship |
| 8:51 | Create | Fishing Ship |
| 9:04 | Create | Villager (Male) |
| 9:04 | Create | Villager (Male) |
| 9:25 | Create | Villager (Male) |
| 9:25 | Create | Villager (Male) |
| 9:32 | Create | Fishing Ship |
| 9:32 | Create | Fishing Ship |
| 9:42 | Build | House |
| 9:45 | Build | House |
| 9:48 | Create | Villager (Male) |
| 9:48 | Create | Villager (Male) |
| 10:05 | Create | Fishing Ship |
| 10:33 | Create | Villager (Male) |
| 10:33 | Create | Villager (Male) |
| 10:33 | Create | Villager (Male) |
| 10:38 | Build | House |
| 10:41 | Build | House |
| 10:45 | Build | House |
| 10:49 | Create | Villager (Male) |
| 10:49 | Create | Villager (Male) |
| 10:59 | Create | Fishing Ship |
| 11:15 | Create | Villager (Male) |
| 11:31 | Create | Fishing Ship |
| 11:45 | Create | Villager (Male) |
| 12:06 | Build | House |
| 12:15 | Create | Villager (Male) |
| 12:41 | Build | Lumber Camp |
| 13:01 | Build | Mill |
| 13:04 | Create | Villager (Male) |
| 13:04 | Create | Villager (Male) |
| 13:17 | Build | House |
| 13:25 | Create | Fishing Ship |
| 13:25 | Create | Fishing Ship |
| 13:25 | Create | Fishing Ship |
| 13:38 | Research | Feudal Age |
| 13:53 | Build | House |
| 14:45 | Build | Dock |
| 14:51 | Create | Villager (Male) |
| 14:52 | Create | Villager (Male) |
| 15:26 | Create | Fishing Ship |
| 15:26 | Create | Fishing Ship |
| 15:48 | Age | Feudal Age |
| 15:52 | Research | Horse Collar |
| 15:55 | Research | Double-Bit Axe |
| 15:55 | Research | Double-Bit Axe |
| 16:16 | Create | Villager (Male) |
| 16:16 | Create | Villager (Male) |
| 16:39 | Create | Villager (Male) |
| 16:40 | Create | Villager (Male) |
| 16:49 | Build | Lumber Camp |
| 17:01 | Build | Farm |
| 17:04 | Build | Farm |
| 17:06 | Build | Farm |
| 17:09 | Build | Farm |
| 17:13 | Build | Farm |
| 17:18 | Build | Farm |
| 17:32 | Create | Villager (Male) |
| 17:32 | Create | Villager (Male) |
| 17:39 | Build | Dock |
| 17:55 | Build | Farm |
| 18:03 | Build | Farm |
| 18:08 | Build | Farm |
| 18:14 | Create | Villager (Male) |
| 18:14 | Create | Villager (Male) |
| 18:27 | Create | Fishing Ship |
| 18:28 | Create | Fishing Ship |
| 18:31 | Research | Tech 906 |
| 18:56 | Create | Villager (Male) |
| 18:56 | Create | Villager (Male) |
| 18:57 | Create | Villager (Male) |
| 19:21 | Build | Market |
| 19:38 | Create | Villager (Male) |
| 19:39 | Create | Villager (Male) |
| 20:07 | Build | Blacksmith |
| 20:31 | Build | Mining Camp |
| 20:37 | Build | Mining Camp |
| 20:48 | Research | Castle Age |
| 20:48 | Research | Castle Age |
| 21:01 | Build | House |
| 21:03 | Build | House |
| 21:16 | Research | Gold Mining |
| 21:21 | Research | Stone Mining |
| 22:39 | Build | Dock |
| 22:48 | Research | Loom |
| 22:48 | Research | Wheelbarrow |
| 22:48 | Research | Town Watch |
| 23:12 | Build | Lumber Camp |
| 24:18 | Age | Castle Age |
| 25:56 | Create | Villager (Male) |
| 25:57 | Create | Villager (Male) |
| 25:57 | Create | Villager (Male) |
| 25:57 | Create | Villager (Male) |
| 25:57 | Create | Villager (Male) |
| 27:28 | Create | Villager (Male) |
| 27:29 | Create | Villager (Male) |
| 27:29 | Create | Villager (Male) |
| 28:09 | Build | Town Center |
| 28:19 | Create | Villager (Male) |
| 28:19 | Create | Villager (Male) |
| 28:20 | Create | Villager (Male) |
| 28:23 | Research | Heavy Plow |
| 28:23 | Research | Heavy Plow |
| 28:27 | Research | Bow Saw |
| 28:27 | Research | Bow Saw |
| 28:40 | Research | Hand Cart |
| 28:40 | Research | Town Patrol |
| 28:44 | Research | Gold Shaft Mining |
| 28:44 | Research | Gold Shaft Mining |
| 29:32 | Research | Caravan |
| 29:36 | Create | Trade Cart |
| 29:37 | Create | Trade Cart |
| 29:37 | Create | Trade Cart |
| 29:37 | Create | Trade Cart |
| 29:37 | Create | Trade Cart |
| 29:38 | Create | Trade Cart |
| 29:39 | Create | Trade Cart |
| 29:39 | Create | Trade Cart |
| 30:03 | Build | Monastery |
| 30:17 | Build | University |
| 30:32 | Build | Stone Wall |
| 30:37 | Build | Gate |
Build order — nosound
First 150 of 310 actions detected
| 4:44 | Build | Town Center |
| 5:02 | Build | House |
| 6:07 | Build | House |
| 6:49 | Create | Villager (Male) |
| 6:50 | Create | Villager (Male) |
| 6:50 | Create | Villager (Male) |
| 6:50 | Create | Villager (Male) |
| 6:50 | Create | Villager (Male) |
| 6:50 | Create | Villager (Male) |
| 7:05 | Build | House |
| 8:03 | Build | House |
| 8:12 | Create | Villager (Male) |
| 8:13 | Create | Villager (Male) |
| 8:41 | Create | Villager (Male) |
| 8:42 | Create | Villager (Male) |
| 9:10 | Create | Villager (Male) |
| 9:10 | Create | Villager (Male) |
| 9:33 | Create | Villager (Male) |
| 9:34 | Create | Villager (Male) |
| 9:34 | Create | Villager (Male) |
| 9:58 | Create | Villager (Male) |
| 10:52 | Create | Villager (Male) |
| 10:53 | Create | Villager (Male) |
| 10:53 | Create | Villager (Male) |
| 10:53 | Create | Villager (Male) |
| 11:25 | Create | Villager (Male) |
| 11:25 | Create | Villager (Male) |
| 11:35 | Create | Villager (Male) |
| 11:35 | Create | Villager (Male) |
| 11:50 | Build | Mill |
| 12:14 | Create | Villager (Male) |
| 12:41 | Create | Villager (Male) |
| 13:28 | Create | Villager (Male) |
| 13:29 | Create | Villager (Male) |
| 13:58 | Build | Outpost |
| 14:36 | Build | Outpost |
| 14:44 | Create | Villager (Male) |
| 14:44 | Create | Villager (Male) |
| 15:01 | Build | Outpost |
| 15:18 | Build | Lumber Camp |
| 15:41 | Build | House |
| 16:00 | Create | Villager (Male) |
| 16:19 | Build | Outpost |
| 16:35 | Research | Feudal Age |
| 17:11 | Create | Villager (Male) |
| 17:11 | Create | Villager (Male) |
| 17:21 | Build | House |
| 17:23 | Build | House |
| 17:24 | Build | House |
| 17:37 | Build | Outpost |
| 17:44 | Create | Villager (Male) |
| 18:15 | Build | Dock |
| 18:32 | Build | Outpost |
| 18:54 | Age | Feudal Age |
| 18:58 | Research | Double-Bit Axe |
| 19:10 | Build | Farm |
| 19:11 | Build | Farm |
| 19:12 | Build | Farm |
| 19:13 | Build | Farm |
| 19:15 | Build | Farm |
| 19:16 | Build | Farm |
| 19:19 | Build | Farm |
| 19:34 | Build | Palisade Wall |
| 19:38 | Build | Palisade Gate |
| 19:45 | Create | Fishing Ship |
| 19:45 | Create | Fishing Ship |
| 20:04 | Create | Villager (Male) |
| 20:04 | Create | Villager (Male) |
| 20:04 | Research | Loom |
| 20:06 | Research | Wheelbarrow |
| 20:28 | Build | Palisade Wall |
| 20:34 | Build | Palisade Gate |
| 20:44 | Research | Horse Collar |
| 20:54 | Create | Villager (Male) |
| 21:00 | Create | Fishing Ship |
| 21:10 | Build | House |
| 21:12 | Build | House |
| 21:14 | Build | House |
| 21:57 | Build | Barracks |
| 22:01 | Create | Villager (Male) |
| 22:01 | Create | Villager (Male) |
| 22:18 | Build | Mining Camp |
| 22:31 | Create | Villager (Male) |
| 22:38 | Build | House |
| 22:40 | Build | House |
| 22:46 | Create | Fishing Ship |
| 23:09 | Research | Man-at-Arms (upgrade) |
| 23:15 | Build | Mining Camp |
| 23:28 | Build | Palisade Wall |
| 23:32 | Build | Palisade Gate |
| 23:46 | Build | Farm |
| 23:47 | Build | Farm |
| 23:48 | Build | Farm |
| 23:53 | Build | Farm |
| 23:57 | Create | Villager (Male) |
| 23:57 | Create | Villager (Male) |
| 24:06 | Build | Farm |
| 24:20 | Create | Villager (Male) |
| 24:44 | Research | Gold Mining |
| 24:48 | Research | Stone Mining |
| 24:52 | Create | Villager (Male) |
| 24:53 | Create | Villager (Male) |
| 25:15 | Build | Market |
| 25:23 | Build | House |
| 25:24 | Build | House |
| 25:25 | Build | House |
| 25:29 | Build | House |
| 25:31 | Build | House |
| 26:01 | Research | Town Watch |
| 26:10 | Create | Villager (Male) |
| 26:31 | Build | Blacksmith |
| 26:51 | Create | Villager (Male) |
| 27:23 | Create | Trade Cart |
| 27:23 | Create | Trade Cart |
| 27:43 | Research | Castle Age |
| 27:49 | Build | House |
| 27:50 | Build | House |
| 27:59 | Build | Stable |
| 28:02 | Build | Stable |
| 28:17 | Research | Padded Archer Armor |
| 28:17 | Research | Fletching |
| 28:19 | Research | Forging |
| 28:19 | Research | Scale Mail Armor |
| 28:30 | Create | Fishing Ship |
| 28:32 | Research | Tech 906 |
| 28:53 | Build | House |
| 28:54 | Build | House |
| 28:55 | Build | House |
| 28:56 | Build | House |
| 28:57 | Build | House |
| 29:09 | Build | Barracks |
| 29:53 | Build | Barracks |
| 30:09 | Research | Scale Barding Armor |
| 30:23 | Age | Castle Age |
| 30:27 | Build | Castle |
| 30:32 | Research | Hand Cart |
| 30:33 | Create | Villager (Male) |
| 30:34 | Create | Villager (Male) |
| 30:34 | Create | Villager (Male) |
| 31:09 | Research | Gillnets |
| 31:11 | Create | Fishing Ship |
| 31:15 | Research | Bow Saw |
| 32:08 | Build | Farm |
| 32:10 | Build | Farm |
| 32:21 | Create | Villager (Male) |
| 32:22 | Create | Villager (Male) |
| 32:22 | Create | Villager (Male) |
| 32:49 | Build | Town Center |
| 32:52 | Create | Villager (Male) |
| 32:57 | Create | Kipchak |
Build order — 投降是日本人
First 150 of 280 actions detected
| 0:17 | Build | Town Center |
| 2:40 | Create | Villager (Male) |
| 2:40 | Create | Villager (Male) |
| 2:57 | Build | House |
| 2:59 | Build | House |
| 3:02 | Build | House |
| 3:05 | Build | House |
| 3:21 | Create | Villager (Male) |
| 3:21 | Create | Villager (Male) |
| 3:22 | Create | Villager (Male) |
| 4:04 | Create | Villager (Male) |
| 4:05 | Create | Villager (Male) |
| 4:17 | Build | House |
| 4:38 | Research | Loom |
| 5:10 | Create | Villager (Male) |
| 5:10 | Create | Villager (Male) |
| 5:42 | Create | Villager (Male) |
| 5:43 | Create | Villager (Male) |
| 5:43 | Create | Villager (Male) |
| 6:34 | Create | Villager (Male) |
| 6:34 | Create | Villager (Male) |
| 6:35 | Create | Villager (Male) |
| 7:02 | Create | Villager (Male) |
| 7:02 | Create | Villager (Male) |
| 7:55 | Build | Mill |
| 8:23 | Create | Villager (Male) |
| 8:23 | Create | Villager (Male) |
| 8:24 | Create | Villager (Male) |
| 9:08 | Build | Dock |
| 9:16 | Create | Villager (Male) |
| 9:16 | Create | Villager (Male) |
| 9:26 | Create | Villager (Male) |
| 9:27 | Create | Villager (Male) |
| 9:46 | Create | Villager (Male) |
| 9:46 | Create | Villager (Male) |
| 10:17 | Create | Villager (Male) |
| 10:22 | Create | Fishing Ship |
| 10:22 | Create | Fishing Ship |
| 11:01 | Create | Villager (Male) |
| 11:02 | Create | Villager (Male) |
| 11:09 | Create | Fishing Ship |
| 11:10 | Create | Fishing Ship |
| 11:57 | Build | House |
| 11:59 | Build | House |
| 12:22 | Build | House |
| 12:26 | Build | House |
| 12:38 | Create | Villager (Male) |
| 12:56 | Research | Feudal Age |
| 12:56 | Research | Feudal Age |
| 13:26 | Create | Fishing Ship |
| 13:27 | Create | Fishing Ship |
| 14:07 | Build | House |
| 14:08 | Build | House |
| 14:10 | Build | House |
| 14:21 | Create | Villager (Male) |
| 14:23 | Create | Fishing Ship |
| 14:23 | Create | Fishing Ship |
| 14:23 | Create | Fishing Ship |
| 14:44 | Create | Villager (Male) |
| 14:45 | Create | Villager (Male) |
| 14:47 | Create | Villager (Male) |
| 14:47 | Create | Villager (Male) |
| 14:47 | Create | Villager (Male) |
| 14:48 | Create | Villager (Male) |
| 14:48 | Create | Villager (Male) |
| 14:48 | Create | Villager (Male) |
| 14:49 | Create | Villager (Male) |
| 14:49 | Create | Villager (Male) |
| 14:57 | Build | Mining Camp |
| 15:08 | Age | Feudal Age |
| 15:54 | Research | Tech 906 |
| 16:04 | Build | Stone Wall |
| 16:12 | Create | Villager (Male) |
| 16:12 | Create | Villager (Male) |
| 16:13 | Create | Villager (Male) |
| 16:18 | Create | Fishing Ship |
| 16:18 | Create | Fishing Ship |
| 16:19 | Create | Fishing Ship |
| 16:19 | Create | Fishing Ship |
| 17:00 | Create | Fishing Ship |
| 17:01 | Create | Fishing Ship |
| 17:01 | Create | Fishing Ship |
| 17:01 | Create | Fishing Ship |
| 17:25 | Build | Stone Wall |
| 17:28 | Build | Gate |
| 17:31 | Build | Stone Wall |
| 17:42 | Create | Villager (Male) |
| 17:42 | Create | Villager (Male) |
| 17:43 | Create | Villager (Male) |
| 17:46 | Create | Fishing Ship |
| 17:47 | Create | Fishing Ship |
| 17:47 | Create | Fishing Ship |
| 17:47 | Create | Fishing Ship |
| 18:05 | Create | Galley |
| 18:05 | Create | Galley |
| 18:33 | Build | Dock |
| 18:35 | Build | Dock |
| 18:53 | Build | Dock |
| 19:09 | Create | Galley |
| 19:09 | Create | Galley |
| 19:10 | Create | Galley |
| 19:17 | Create | Villager (Male) |
| 19:17 | Create | Villager (Male) |
| 20:02 | Create | Fishing Ship |
| 20:03 | Create | Fishing Ship |
| 20:03 | Create | Fishing Ship |
| 20:03 | Create | Fishing Ship |
| 20:04 | Create | Fishing Ship |
| 20:25 | Build | Dock |
| 20:39 | Create | Galley |
| 20:39 | Create | Galley |
| 20:39 | Create | Galley |
| 20:40 | Create | Galley |
| 20:40 | Create | Galley |
| 21:02 | Build | Lumber Camp |
| 21:19 | Create | Fishing Ship |
| 21:19 | Create | Fishing Ship |
| 21:19 | Create | Fishing Ship |
| 22:09 | Build | Market |
| 22:13 | Build | Blacksmith |
| 22:15 | Build | House |
| 22:17 | Build | House |
| 23:11 | Build | Barracks |
| 23:21 | Build | Lumber Camp |
| 23:44 | Build | Mining Camp |
| 23:56 | Build | House |
| 23:57 | Build | House |
| 23:57 | Build | House |
| 23:57 | Build | House |
| 23:58 | Build | House |
| 24:01 | Build | House |
| 24:02 | Build | House |
| 24:03 | Build | House |
| 24:03 | Build | House |
| 24:05 | Build | House |
| 24:06 | Build | House |
| 24:23 | Create | Unit 2626 |
| 24:24 | Create | Unit 2626 |
| 24:24 | Create | Unit 2626 |
| 24:25 | Create | Fire Galley |
| 24:25 | Create | Fire Galley |
| 24:34 | Create | Fire Galley |
| 24:34 | Create | Fire Galley |
| 24:34 | Create | Fire Galley |
| 24:35 | Create | Unit 2626 |
| 24:36 | Create | Unit 2626 |
| 25:33 | Create | Galley |
| 25:33 | Create | Galley |
| 25:33 | Create | Galley |
| 25:34 | Create | Galley |
Build order — essen
First 150 of 287 actions detected
| 1:22 | Build | Town Center |
| 2:16 | Build | House |
| 2:18 | Build | House |
| 4:52 | Create | Villager (Male) |
| 5:41 | Create | Villager (Male) |
| 6:19 | Create | Villager (Male) |
| 6:38 | Create | Villager (Male) |
| 7:17 | Create | Villager (Male) |
| 7:18 | Create | Villager (Male) |
| 7:51 | Create | Villager (Male) |
| 7:52 | Create | Villager (Male) |
| 8:35 | Create | Villager (Male) |
| 8:55 | Create | Villager (Male) |
| 9:30 | Build | Dock |
| 9:34 | Build | House |
| 9:36 | Build | House |
| 9:46 | Create | Villager (Male) |
| 9:47 | Create | Villager (Male) |
| 10:09 | Create | Fishing Ship |
| 10:09 | Create | Fishing Ship |
| 10:25 | Create | Villager (Male) |
| 10:25 | Create | Villager (Male) |
| 10:39 | Build | House |
| 10:42 | Build | House |
| 10:45 | Create | Fishing Ship |
| 11:00 | Create | Villager (Male) |
| 11:37 | Create | Fishing Ship |
| 11:40 | Create | Villager (Male) |
| 11:40 | Create | Villager (Male) |
| 11:52 | Create | Villager (Male) |
| 12:26 | Build | Dock |
| 12:35 | Create | Villager (Male) |
| 12:37 | Create | Fishing Ship |
| 12:42 | Build | House |
| 12:43 | Build | House |
| 13:01 | Create | Villager (Male) |
| 13:01 | Create | Villager (Male) |
| 13:08 | Build | Lumber Camp |
| 13:11 | Create | Fishing Ship |
| 13:22 | Create | Fishing Ship |
| 13:40 | Create | Fishing Ship |
| 13:43 | Create | Villager (Male) |
| 13:44 | Create | Villager (Male) |
| 14:00 | Create | Villager (Male) |
| 14:07 | Build | Dock |
| 14:13 | Create | Fishing Ship |
| 14:26 | Create | Villager (Male) |
| 14:27 | Create | Villager (Male) |
| 14:33 | Create | Fishing Ship |
| 14:47 | Build | House |
| 14:48 | Build | House |
| 14:52 | Create | Fishing Ship |
| 15:21 | Build | Mill |
| 15:38 | Create | Fishing Ship |
| 15:42 | Create | Fishing Ship |
| 15:46 | Create | Fishing Ship |
| 16:33 | Build | Mining Camp |
| 16:39 | Research | Feudal Age |
| 16:42 | Create | Fishing Ship |
| 16:43 | Create | Fishing Ship |
| 16:44 | Create | Fishing Ship |
| 16:50 | Create | Fishing Ship |
| 17:23 | Create | Fishing Ship |
| 17:26 | Create | Fishing Ship |
| 17:28 | Create | Fishing Ship |
| 17:36 | Create | Fishing Ship |
| 17:36 | Create | Fishing Ship |
| 18:08 | Create | Villager (Male) |
| 18:09 | Create | Villager (Male) |
| 18:09 | Create | Villager (Male) |
| 18:31 | Create | Fishing Ship |
| 18:32 | Create | Fishing Ship |
| 18:33 | Create | Fishing Ship |
| 18:49 | Age | Feudal Age |
| 18:54 | Build | Market |
| 18:58 | Build | Blacksmith |
| 19:15 | Research | Wheelbarrow |
| 19:32 | Research | Tech 906 |
| 20:06 | Build | House |
| 20:07 | Build | House |
| 20:07 | Build | House |
| 20:09 | Build | House |
| 20:10 | Build | House |
| 20:30 | Research | Castle Age |
| 20:40 | Build | Lumber Camp |
| 20:43 | Research | Double-Bit Axe |
| 21:20 | Create | Fire Galley |
| 21:33 | Build | Fish Trap |
| 21:35 | Build | Fish Trap |
| 21:36 | Build | Fish Trap |
| 21:38 | Build | Fish Trap |
| 21:42 | Build | Fish Trap |
| 21:54 | Create | Fire Galley |
| 22:15 | Create | Fire Galley |
| 22:35 | Create | Fire Galley |
| 22:38 | Create | Fire Galley |
| 22:52 | Build | Fish Trap |
| 22:54 | Build | Fish Trap |
| 22:55 | Build | Fish Trap |
| 23:10 | Age | Castle Age |
| 23:48 | Build | Town Center |
| 23:55 | Build | Lumber Camp |
| 23:58 | Create | Villager (Male) |
| 23:58 | Create | Villager (Male) |
| 23:58 | Create | Villager (Male) |
| 23:59 | Create | Villager (Male) |
| 23:59 | Create | Villager (Male) |
| 24:53 | Build | Town Center |
| 25:04 | Build | Barracks |
| 25:31 | Create | Villager (Male) |
| 25:31 | Create | Villager (Male) |
| 25:32 | Create | Villager (Male) |
| 26:18 | Create | Fire Galley |
| 26:18 | Create | Fire Galley |
| 26:19 | Create | Fire Galley |
| 26:19 | Create | Fire Galley |
| 26:19 | Create | Fire Galley |
| 26:19 | Create | Fire Galley |
| 26:26 | Build | Archery Range |
| 26:29 | Build | House |
| 26:29 | Build | House |
| 26:31 | Build | House |
| 26:32 | Build | House |
| 26:37 | Create | Villager (Male) |
| 26:37 | Create | Villager (Male) |
| 26:38 | Create | Villager (Male) |
| 26:38 | Create | Villager (Male) |
| 26:38 | Create | Villager (Male) |
| 26:38 | Create | Villager (Male) |
| 27:10 | Create | Villager (Male) |
| 27:11 | Create | Villager (Male) |
| 27:38 | Build | Siege Workshop |
| 27:41 | Create | Villager (Male) |
| 27:41 | Create | Villager (Male) |
| 27:42 | Create | Villager (Male) |
| 27:42 | Create | Villager (Male) |
| 27:42 | Create | Villager (Male) |
| 27:42 | Create | Villager (Male) |
| 27:55 | Create | Fire Galley |
| 27:59 | Research | War Galley (upgrade) |
| 28:02 | Create | Fire Galley |
| 28:06 | Create | Fire Galley |
| 28:06 | Create | Fire Galley |
| 28:09 | Create | Fire Galley |
| 28:11 | Create | Villager (Male) |
| 28:12 | Create | Villager (Male) |
| 28:12 | Create | Villager (Male) |
| 28:12 | Create | Villager (Male) |
| 28:12 | Create | Villager (Male) |
| 28:22 | Build | Mining Camp |
Match timeline
| 1:29 | DeMoTiX · first_building Dock |
| 2:59 | Pedro9.2 · first_building Dock |
| 9:08 | 投降是日本人 · first_building Dock |
| 9:30 | essen · first_building Dock |
| 13:37 | Zanarkand · first_building Barracks |
| 14:38 | DeMoTiX · first_building Barracks |
| 15:04 | Zanarkand · age_up feudal |
| 15:08 | 投降是日本人 · age_up feudal |
| 15:10 | DeMoTiX · age_up feudal |
| 15:34 | 将军楼上请 · first_building Barracks |
| 15:35 | PorT_BarroZo · first_building Barracks |
| 15:48 | Pedro9.2 · age_up feudal |
| 16:01 | 将军楼上请 · wall_segment Palisade Wall x6 |
| 16:04 | 投降是日本人 · wall_segment Stone Wall x1 |
| 16:18 | 将军楼上请 · age_up feudal |
| 17:02 | PorT_BarroZo · wall_segment Palisade Wall x4 |
| 17:25 | 投降是日本人 · wall_segment Stone Wall x8 |
| 17:31 | 投降是日本人 · wall_segment Stone Wall x9 |
| 17:39 | DeMoTiX · first_building Stable |
| 18:15 | nosound · first_building Dock |
| 18:20 | 将军楼上请 · first_building Stable |
| 18:49 | essen · age_up feudal |
| 18:54 | nosound · age_up feudal |
| 18:59 | Zanarkand · wall_segment Stone Wall x12 |
| 19:34 | nosound · wall_segment Palisade Wall x8 |
| 20:16 | Zanarkand · age_up castle |
| 20:17 | Pedro9.2 · first_market_sell 100 food |
| 20:24 | Zanarkand · first_building Monastery |
| 20:28 | nosound · wall_segment Palisade Wall x6 |
| 21:19 | Zanarkand · wall_segment Stone Wall x8 |
| 21:44 | DeMoTiX · first_building Archery Range |
| 21:57 | nosound · first_building Barracks |
| 22:33 | Zanarkand · wall_segment Stone Wall x10 |
| 23:02 | DeMoTiX · age_up castle |
| 23:10 | essen · age_up castle |
| 23:11 | 投降是日本人 · first_building Barracks |
| 23:14 | PorT_BarroZo · wall_segment Palisade Wall x1 |
| 23:17 | PorT_BarroZo · wall_segment Palisade Wall x1 |
| 23:19 | PorT_BarroZo · wall_segment Palisade Wall x1 |
| 23:22 | PorT_BarroZo · wall_segment Palisade Wall x1 |
| 23:28 | nosound · wall_segment Palisade Wall x4 |
| 24:18 | Pedro9.2 · age_up castle |
| 24:36 | Zanarkand · wall_segment Stone Wall x8 |
| 24:41 | DeMoTiX · first_building Monastery |
| 25:04 | essen · first_building Barracks |
| 25:05 | PorT_BarroZo · age_up feudal |
| 26:03 | DeMoTiX · first_building Castle |
| 26:26 | essen · first_building Archery Range |
| 27:00 | Zanarkand · first_market_buy 100 stone |
| 27:08 | Zanarkand · first_building Castle |
| 27:30 | Zanarkand · first_building Stable |
| 27:38 | essen · first_building Siege Workshop |
| 27:53 | PorT_BarroZo · first_building Archery Range |
| 27:59 | nosound · first_building Stable |
| 28:01 | 将军楼上请 · wall_segment Stone Wall x1 |
| 29:00 | PorT_BarroZo · age_up castle |
| 29:02 | PorT_BarroZo · first_building Castle |
| 29:09 | 将军楼上请 · age_up castle |
| 29:09 | essen · wall_segment Stone Wall x3 |
| 29:44 | DeMoTiX · first_building Siege Workshop |
| 30:03 | Pedro9.2 · first_building Monastery |
| 30:14 | essen · first_building Castle |
| 30:23 | nosound · age_up castle |
| 30:27 | nosound · first_building Castle |
| 30:32 | Pedro9.2 · wall_segment Stone Wall x11 |
| 30:40 | 投降是日本人 · age_up castle |
| 31:37 | PorT_BarroZo · first_building Siege Workshop |
| 31:43 | essen · wall_segment Stone Wall x4 |
| 32:24 | nosound · first_market_buy 100 wood |
| 32:38 | Pedro9.2 · wall_segment Stone Wall x6 |
| 33:06 | 投降是日本人 · first_market_buy 100 stone |
| 33:23 | DeMoTiX · age_up imperial |
| 33:25 | 投降是日本人 · first_building Castle |
| 33:52 | Pedro9.2 · wall_segment Stone Wall x13 |
| 34:11 | essen · first_market_buy 100 food |
| 34:13 | essen · first_market_sell 100 food |
| 36:34 | Pedro9.2 · age_up imperial |
| 37:29 | essen · age_up imperial |
| 37:36 | 将军楼上请 · first_building Monastery |
| 38:48 | PorT_BarroZo · resign |
[ AI ANALYSIS · 1 CREDIT ]
What really happened in this match?
Wolo.gg analyzes every decision: build order, eco, micro, common mistakes by bracket. Personalized analysis on WhatsApp or Discord in 30 seconds.
Civ guide
Vietnamese
Map guide
Nomad
Perfil
Jugador #190708